[Event "Early-Titled-Tuesday-Blitz-May-28-2024"]
[Site "Chess.com"]
[Date "2024.05.28"]
[Round "7"]
[White "Milop27"]
[Black "nabukatnezarr"]
[Result "0-1"]
[WhiteElo "2501"]
[BlackElo "2668"]
[TimeControl "180+1"]
[EndTime "9:19:13 PDT"]
[Termination "nabukatnezarr won on time"]

1. e4 c6 2. d4 d5 3. exd5 cxd5 4. Bd3 Nc6 5. c3 Nf6 6. Bf4 Bg4 7. Ne2 Bxe2 8.
Qxe2 e6 9. O-O Bd6 10. Bxd6 Qxd6 11. Nd2 O-O 12. Nf3 Qc7 13. Rfe1 Rfb8 14. a4 a6 15. Ne5 Nxe5 16. dxe5 Nd7 17. Qh5 g6 18.
Qg5 Qd8 19. Qg3 Qf8 20. a5 Rc8 21. h4 Qh6 22. Re3 Rc5 23. Rf3 Rf8 24. Re1 Rxa5 25. Rf4 Ra2 26. h5 Nc5 27. Bb1 Rxb2 28. hxg6 hxg6 29. Rg4 Ne4 30. Bxe4 dxe4 31. Rgxe4 Rd8 32. Rh4 Qg7 33. Rd4 Rd2 34. Qe3 R2xd4 35. cxd4 Qf8 36. g3 Qb4 37. Rd1 b5 38. d5 Rxd5 39. Rxd5 exd5 40.
e6 Qb1+ 41. Kh2 Kf8 42. Qc5+ Kg7 43. Qd4+ Kf8 44. Qf6 Qf5 45. e7+ Ke8 46. Qc6+ Qd7 47.
Qxa6 Kxe7 48. Qb6 d4 49. Qc5+ Ke8 50. Qe5+ Kd8 51. Qb8+ Ke7 52. Qe5+ Qe6 53. Qxd4 Qc4 54. Qe5+ Kd7 0-1

[Event "Early-Titled-Tuesday-Blitz-May-28-2024"]
[Site "Chess.com"]
[Date "2024.05.28"]
[Round "7"]
[White "Chessmissile07"]
[Black "Galileo22"]
[Result "0-1"]
[WhiteElo "2821"]
[BlackElo "2635"]
[TimeControl "180+1"]
[EndTime "9:19:14 PDT"]
[Termination "Galileo22 won by checkmate"]

1. a3 c6 2. Nf3 d5 3. e3 Nf6 4. c4 Bf5 5. Nc3 e6 6. b4 h6 7. Bb2 Be7 8. Be2 Nbd7 9. O-O O-O 10. d3 a5 11. Qb3 Bh7 12. c5 b5 13. Nb1 Qc7 14. Nbd2 e5 15. Qc3 e4 16. dxe4 dxe4 17. Nd4 Nd5 18. Qb3 N7f6 19. Rfd1 Rfd8 20. Nf1 Bf8 21. Ng3 Ne7 22. Nh5 Nfd5 23. g3 Kh8 24. Nf4 Bg8 25. Nxd5 Rxd5 26. Bf1 f5 27. Qc2 Rdd8 28.
Ne2 a4 29. Nf4 Rxd1 30. Qxd1 Rd8 31. Qh5 Kh7 32. Bh3 g6 33. Nxg6 Nxg6 34. Bxf5 Qf7 35. Bxe4 Rd2 36. Bxg6+ Qxg6 37. Qe5 Bg7 38. Qxg7+ Qxg7 39. Bxg7 Kxg7 40. e4 Re2 41. f3 Bc4 42. h4 h5 43. Rd1 Re3 44. Kf2 Rxa3 45. Rd6 Rb3 46. Rxc6 a3 47. Ra6 Rb2+ 48. Ke3 a2 49. c6 Rc2 50. c7 Bf7 51. Ra7 Kg6 52. Ra6+ Kg7 53. Ra7 Kf6 54. c8=Q Rxc8 55. Ra6+ Kg7 56. e5 Rc1 57. e6 Bxe6 58. Ra7+ Kf6 59. Kf4 a1=Q 60.
Rc7 Rxc7 61. Ke3 Qe5+ 62. Kf2 Rc2+ 63. Kg1 Qa1# 0-1

[Event "Early-Titled-Tuesday-Blitz-May-28-2024"]
[Site "Chess.com"]
[Date "2024.05.28"]
[Round "7"]
[White "ZachHKL"]
[Black "jaskol95"]
[Result "0-1"]
[WhiteElo "2350"]
[BlackElo "2525"]
[TimeControl "180+1"]
[EndTime "9:19:14 PDT"]
[Termination "jaskol95 won by checkmate"]

1. c4 e5 2. g3 Nf6 3. Bg2 d5 4.
cxd5 Nxd5 5. Nf3 Nc6 6. O-O Be6 7. d4 exd4 8. Nxd4 Nxd4 9. Qxd4 c6 10. Nc3 Qf6 11.
Qxf6 Nxf6 12. Bf4 Bc5 13. Na4 Be7 14. Rac1 Nd5 15. Bd2 Bf6 16. b3 O-O-O 17. Nc5 Nc7 18. Bf4 g5 19. Bxc7 Kxc7 20. Nxe6+ fxe6 21. Rc2 Rd4 22. e3 Rd6 23. b4 a6 24. a4 Kb6 25. Be4 h6 26. Kg2 Rhd8 27. Rc4 Rd1 28. Rxd1 Rxd1 29. Bc2 Ra1 30. f4 Kc7 31. Kf3 Kd6 32. Re4 Rc1 33. Bb3 e5 34. fxg5 hxg5 35. Kg4 Rh1 36. h3 b6 37. Rc4 c5 38. bxc5+ bxc5 39. Rc2 Rb1 40. Rd2+ Kc6 41. Bd5+ Kb6 42. Rc2 Rd1 43. Bf3 Ra1 44. Rc4 Rb1 45. Kf5 Bd8 46. Be4 Rf1+ 47. Kxe5 Bc7+ 48. Kd5 Rd1+ 49. Ke6 Bxg3 50.
Kf5 Bh4 51. Rc2 Rb1 52. Rxc5 Rf1+ 53. Ke6 Kxc5 54. Kd7 Re1 55. Kc7 Rxe3 56. Bf5 Re5 57. Bg4 Bg3 58. a5 Kb5 59. Kb7 Kxa5 60. Bd1 Kb5 61.
Bg4 a5 62. Kc7 Re4+ 63. Kd7 Rxg4 64. hxg4 Bf4 65. Ke6 a4 66. Kf5 a3 67. Kg6 a2 68.
Kh5 a1=Q 69. Kg6 Qe5 70. Kh5 Qe8+ 71. Kh6 Be5 72. Kh7 Qf7+ 73. Kh6 Bg7+ 74. Kh7 Bf6+ 75. Kh6 Qg7+ 76. Kh5 Qh7# 0-1

[Event "Early-Titled-Tuesday-Blitz-May-28-2024"]
[Site "Chess.com"]
[Date "2024.05.28"]
[Round "7"]
[White "ploxoi"]
[Black "Zq1"]
[Result "1-0"]
[WhiteElo "2395"]
[BlackElo "2538"]
[TimeControl "180+1"]
[EndTime "9:19:17 PDT"]
[Termination "ploxoi won on time"]

1. d4 Nf6 2. c4 a6 3. Nc3 c5 4. d5 b5 5. cxb5 axb5 6. Nxb5 Qa5+ 7. Nc3 Bb7 8. e4 Nxe4 9. Qb3 Nxc3 10. Qxb7 Ne4+ 11.
Ke2 Nd6 12. Qb3 g6 13. Bd2 Qa6+ 14. Ke1 c4 15. Qc3 Rg8 16. Qh3 h5 17. Bc3 Ne4 18.
Be2 Nxc3 19. Qxc3 Bg7 20. Qxc4 Qxc4 21. Bxc4 Bxb2 22. Rb1 Bc3+ 23. Ke2 Kf8 24. Nf3 Kg7 25. Rhc1 Bf6 26. Rb7 d6 27. Bb3 Na6 28. Bc4 Rgc8 29. Nd2 Nc5 30. Rb5 Na4 31. Ne4 Nc3+ 32. Kd3 Nxe4 33.
Kxe4 Ra3 34. Rc2 Bc3 35. Kd3 Be5+ 36. Rb3 Ra4 37. Rb7 Bf6 38. Bb3 Rd4+ 39. Ke3 Rxc2 40.
Bxc2 Rxd5 41. a4 Re5+ 42. Kf3 Rc5 43. Bb3 d5 44. Ke2 e6 45. g3 Rc3 46. h4 d4 47. a5 Rc1 48. a6 Ra1 49. Kd3 Kf8 50. Bc4 Ra3+ 51. Kd2 Be5 52. a7 Kg7 53. Rd7 Kf6 54. Kd1 1-0

[Event "Early-Titled-Tuesday-Blitz-May-28-2024"]
[Site "Chess.com"]
[Date "2024.05.28"]
[Round "7"]
[White "NastyaHn"]
[Black "rhwr"]
[Result "0-1"]
[WhiteElo "2471"]
[BlackElo "2331"]
[TimeControl "180+1"]
[EndTime "9:19:18 PDT"]
[Termination "rhwr won on time"]

1. Nc3 c5 2. Nf3 Nf6 3. d4 cxd4 4. Nxd4 Nc6 5. Bg5 e6 6. Ndb5 a6 7. Nd6+ Bxd6 8. Qxd6 Qe7 9. Bf4 e5 10. Qxe7+ Kxe7 11. Bg5 Ke6 12. e4 b5 13. Bxf6 gxf6 14. Nd5 Rb8 15.
g3 Nd4 16. O-O-O f5 17. Bh3 f6 18. c3 Nc6 19. Bxf5+ Kf7 20. Ne3 Rb7 21. Rd2 Ne7 22.
Bh3 d6 23. Bxc8 Nxc8 24. Nf5 Ke6 25. Rhd1 Rb6 26. f4 h5 27. Ne3 h4 28. f5+ Kf7 29. g4 h3 30. Rg1 Rc6 31. Kc2 b4 32.
c4 a5 33. b3 Ra6 34. Nd5 Rc6 35. Rd3 Nb6 36. Nxb6 Rxb6 37. Rgg3 Ra6 38. Rxh3 Rg8 39. Rh7+ Kf8 40. h3 a4 41. Kb2 a3+ 42. Kc2 Rc6 43.
Rb7 Rh8 44. Rxb4 Kg7 45. Ra4 Kh6 46. Rxa3 Kg5 47. Ra7 Kf4 48. Rd7 Kxe4 49. R7xd6 Rxd6 50. Rxd6 Rxh3 51. Rxf6 Rh2+ 52. Kb1 Kd3 53. Rd6+ Kc3 54. Rd1 e4 55. f6 Rb2+ 56. Ka1 Rf2 57. g5 e3 58. Re1 Kd2 59. f7 Kxe1 0-1

[Event "Early-Titled-Tuesday-Blitz-May-28-2024"]
[Site "Chess.com"]
[Date "2024.05.28"]
[Round "7"]
[White "ChessSwole"]
[Black "CristianS27"]
[Result "0-1"]
[WhiteElo "2683"]
[BlackElo "2535"]
[TimeControl "180+1"]
[EndTime "9:19:19 PDT"]
[Termination "CristianS27 won by resignation"]

1. Nf3 Nf6 2. g3 g6 3. Bg2 Bg7 4. O-O O-O 5. d4 d6 6. b3 c5 7. Bb2 cxd4 8. Nxd4 d5 9. Nd2 e5 10. N4f3 e4 11. Nd4 e3 12. fxe3 Nc6 13. Nxc6 bxc6 14.
e4 Ng4 15. Bxg7 Kxg7 16. Nf3 dxe4 17. Qd4+ Kg8 18. Rfd1 Bf5 19. Nh4 Qb6 20. Qxb6 axb6 21.
Rd6 Rfc8 22. a4 Ne3 23. c4 b5 24. cxb5 cxb5 25. a5 Rc2 26. Bf1 b4 27. a6 Ra7 28.
Rb6 Bc8 29. Rxb4 f5 30. Rb6 Nd5 31. Rd6 Nb4 32. e3 Kg7 33. Bc4 Nd3 34. Ng2 Ne5 35. Bf1 Nf3+ 36. Kh1 g5 37. b4 Rb2 38. b5 f4 39. b6 Rxa6 40. Bxa6 Bxa6 41. exf4 e3 42. Re6 e2 43. f5 Bb7 44. Re3 Kf6 45. Rxf3 Bxf3 46.
Kg1 Bxg2 47. Re1 Bf1 48. g4 Rxb6 49. Kf2 Rb4 50. Kg3 Rf4 51. h3 Ra4 52. Rb1 Ra3+ 53. Kf2 Ra6 54. Rb3 h5 55. Kg3 h4+ 56. Kf2 Rd6 57.
Re3 Rd1 58. Re6+ Kf7 59. Re5 e1=Q+ 60. Rxe1 Rxe1 61. Kxe1 Bxh3 62. Kf2 Bxg4 0-1

[Event "Early-Titled-Tuesday-Blitz-May-28-2024"]
[Site "Chess.com"]
[Date "2024.05.28"]
[Round "7"]
[White "guineo59"]
[Black "frankshar"]
[Result "0-1"]
[WhiteElo "2338"]
[BlackElo "2501"]
[TimeControl "180+1"]
[EndTime "9:19:19 PDT"]
[Termination "frankshar won on time"]

1. d4 Nf6 2. Nf3 e6 3. e3 d5 4. Bd3 c5 5. c3 Bd6 6. Nbd2 O-O 7. O-O Nc6 8. dxc5 Bxc5 9. e4 Re8 10. e5 Nd7 11. Nb3 Be7 12. Bf4 a6 13. Re1 b5 14.
Nbd4 Na5 15. b4 Nc4 16. Nc6 Qc7 17. Nxe7+ Rxe7 18. Nd4 Nf8 19. Qe2 Ng6 20. Bg5 Re8 21. Bxc4 dxc4 22. h4 h6 23. h5 Nf8 24. Bd2 Bb7 25.
Qg4 Kh8 26. Re3 Nh7 27. Rg3 Qxe5 28. Re1 Qf6 29. f4 Rad8 30. Re5 Rd5 31. Rge3 Rxe5 32. fxe5 Qg5 33. Qe2 Rd8 34. Kh2 Qh4+ 35. Rh3 Qe4 36. Re3 Qh4+ 37. Rh3 Qe7 38. Qg4 Ng5 39. Rg3 Rd5 40.
Bxg5 hxg5 41. Qxg5 Qxg5 42. Rxg5 f6 43. Rg6 Rxe5 44. h6 gxh6 45. Rxf6 Kg7 46. Rf2 Bd5 47. Kg3 Re3+ 48. Kf4 Rxc3 49. Ke5 Rg3 50. Rf4 Re3+ 51. Kd6 c3 52. Rf2 Rd3 53. Nc2 Rd2 54. Rxd2 cxd2 55. Ne3 Bxg2 0-1

[Event "Early-Titled-Tuesday-Blitz-May-28-2024"]
[Site "Chess.com"]
[Date "2024.05.28"]
[Round "7"]
[White "eightbyeightchess"]
[Black "DonPreuss"]
[Result "0-1"]
[WhiteElo "2410"]
[BlackElo "2309"]
[TimeControl "180+1"]
[EndTime "9:19:21 PDT"]
[Termination "DonPreuss won by resignation"]

1. e4 Nc6 2. Nf3 g6 3. d4 Bg7 4. d5 Ne5 5. c4 Nxf3+ 6. Qxf3 e5 7. Nc3 d6 8. g3 Ne7 9. Bg2 O-O 10. O-O f5 11.
Qd3 f4 12. b4 g5 13. c5 Ng6 14. cxd6 cxd6 15. Bd2 g4 16. Rfc1 a6 17. b5 Qf6 18.
Be1 f3 19. Bf1 Nf4 20. Qe3 Bh6 21. Qb6 Ne2+ 22. Nxe2 fxe2 23. Bxe2 Bxc1 24. Rxc1 axb5 25. Rc2 Qg6 26. Bb4 Qxe4 27. Qxd6 Bf5 28. Rd2 Rac8 29. Bc5 b4 30. Qe7 Qb1+ 31. Rd1 Qc2 32. Qg5+ Bg6 33.
Bxf8 Qxe2 34. Rc1 Rxf8 35. Rf1 Qf3 36. d6 Qd5 37. Qe7 Qf7 38. Re1 Qxe7 39. dxe7 Re8 40.
Rxe5 Kf7 41. Rb5 Rxe7 42. Rxb4 Be4 43. h3 h5 44. hxg4 hxg4 45. f4 Bf3 46. Kf2 Rc7 47.
Rb5 Rc2+ 48. Ke3 Rxa2 49. f5 Re2+ 50. Kf4 Re4+ 51. Kg5 Rc4 52. f6 Rc6 53. Re5 Rxf6 54. Rc5 Rg6+ 55. Kh4 Rd6 56. Rf5+ Ke6 57. Rg5 b6 58.
Rg8 Kd5 59. Rb8 Kc5 60. Kg5 b5 61. Kf4 Rb6 62. Rc8+ Kb4 63. Ke3 Kb3 64. Kd2 b4 65.
Kc1 Rd6 0-1

[Event "Early-Titled-Tuesday-Blitz-May-28-2024"]
[Site "Chess.com"]
[Date "2024.05.28"]
[Round "7"]
[White "luachess1"]
[Black "Sofia_Blokhin"]
[Result "1-0"]
[WhiteElo "1771"]
[BlackElo "2250"]
[TimeControl "180+1"]
[EndTime "9:19:21 PDT"]
[Termination "luachess1 won on time"]

1. d4 f5 2. Nf3 Nf6 3. c3 g6 4. Bg5 Bg7 5. e3 O-O 6. Nbd2 d6 7. Bc4+ Kh8 8. O-O Nc6 9. Re1 h6 10. Bh4 e5 11. h3 e4 12. Nh2 g5 13. Bg3 Qe8 14. f3 Nh5 15. Bf2 Na5 16. Be2 Nf6 17. fxe4 Nxe4 18. Nxe4 Qxe4 19. Bf3 Qe7 20. e4 fxe4 21.
Rxe4 Qf7 22. Qe2 Nc6 23. Re1 Bf5 24. Re3 Bg6 25. Nf1 Bf6 26. Ng3 Rae8 27. Be4 Bxe4 28. Nxe4 Qg6 29. Ng3 Rxe3 30. Qxe3 Ne7 31. Qe6 Qf7 32.
Qe4 Nd5 33. Be3 Bg7 34. Rf1 Nf4 35. Bxf4 gxf4 36. Ne2 Re8 37. Qxf4 Qxf4 38. Nxf4 Re3 39. Ng6+ Kh7 40. Nf4 c6 41. Kh2 Re8 42. g3 Bf6 43. Rf2 Bg5 44. Re2 Rf8 45. Rf2 Bxf4 46. gxf4 Kg6 47.
Kg3 Kf5 48. Kf3 Rg8 49. Rg2 Re8 50. Rg7 Re1 51. Rxb7 Rf1+ 52. Kg2 Rc1 53. Rc7 Rc2+ 54. Kf3 Rxb2 55. Rxc6 Rxa2 56. Rxd6 Rc2 57. Rd5+ Ke6 58. Rc5 a5 59. d5+ 1-0

[Event "Early-Titled-Tuesday-Blitz-May-28-2024"]
[Site "Chess.com"]
[Date "2024.05.28"]
[Round "7"]
[White "baki83"]
[Black "jk13"]
[Result "1-0"]
[WhiteElo "2913"]
[BlackElo "2666"]
[TimeControl "180+1"]
[EndTime "9:19:23 PDT"]
[Termination "baki83 won by resignation"]

1. e4 e5 2. Nf3 Nc6 3. Bb5 a6 4. Ba4 Nf6 5. O-O b5 6. Bb3 Bc5 7. c3 d6 8. a4 Rb8 9. d4 Bb6 10. Re1 O-O 11. axb5 axb5 12. h3 h6 13. Be3 Re8 14.
Nbd2 Bd7 15. Qb1 Ra8 16. Ra2 Rb8 17. Ra1 Nh5 18. Nf1 Qf6 19. Qd1 Nf4 20. Ng3 g6 21. dxe5 Nxe5 22. Nxe5 Qxe5 23. Qf3 Bxe3 24. Bxf7+ Kxf7 25. fxe3 Kg7 26. exf4 Qc5+ 27. Qf2 Qxf2+ 28. Kxf2 Rb7 29.
Ra6 Be6 30. Nf1 b4 31. Ne3 bxc3 32. bxc3 Bc8 33. Ra4 Bd7 34. Rd4 Rb2+ 35. Re2 Rb3 36.
c4 Bc6 37. Nd5 Bxd5 38. cxd5 Rc3 39. Re3 Rc2+ 40. Kf3 Rc1 41. Rd2 Rc5 42. Rdd3 Re7 43. Rc3 Rxc3 44. Rxc3 Kf6 45. g3 g5 46. h4 gxh4 47.
gxh4 h5 48. Rc1 Rg7 49. Rc2 Re7 50. Rg2 Rh7 51. Rg5 Rh8 52. e5+ dxe5 53. fxe5+ Kf7 54. Ke4 Rh7 55. Kf5 Rh6 56. e6+ Ke7 57. Rg7+ Kd8 58. Rg8+ Ke7 59. Rg7+ Kd8 60. Rd7+ Kc8 61. Kg5 Rh8 62.
Rg7 Kd8 63. Kf6 Rh6+ 64. Ke5 Rh8 65. d6 cxd6+ 66. Kxd6 Rh6 67. Ra7 Kc8 68. Ra8+ Kb7 69. Rf8 Rg6 70. Kd7 Rg2 71. e7 Rd2+ 72. Ke8 Re2 73.
Rf5 1-0

[Event "Early-Titled-Tuesday-Blitz-May-28-2024"]
[Site "Chess.com"]
[Date "2024.05.28"]
[Round "7"]
[White "andrzej"]
[Black "Karttunen"]
[Result "0-1"]
[WhiteElo "2494"]
[BlackElo "2648"]
[TimeControl "180+1"]
[EndTime "9:19:23 PDT"]
[Termination "Karttunen won by checkmate"]

1. e4 c6 2. d4 d5 3. e5 Bf5 4. h4 h5 5. Bd3 Bxd3 6. Qxd3 e6 7. Nf3 Qa5+ 8. Nbd2 Qa6 9. c4 Ne7 10. O-O Nf5 11. b3 Nd7 12. a4 Be7 13. Ba3 Nf8 14. Bxe7 Kxe7 15. b4 dxc4 16. Nxc4 Nd7 17. Rfb1 b5 18. Na5 Rhc8 19. Rc1 Ke8 20. Ng5 Qb6 21. Qf3 Qxd4 22. Rd1 Nxe5 23. Qxh5 Qxh4 24. Qe2 Ng4 25. Nf3 Qf6 26. Rac1 Kf8 27. Nxc6 bxa4 28.
b5 a3 29. Qa2 Qb2 30. Ra1 Nxf2 31. Rf1 Nd3 32. Qxa3+ Qxa3 33. Rxa3 Nc5 34. Rc3 Nd7 35. Ng5 Kg8 36. g4 Nh6 37. Ne4 Nb6 38. g5 Nf5 39. g6 fxg6 40. Ng5 Nd5 41. Rh3 Re8 42. Re1 a6 43.
Ne5 axb5 44. Nxg6 Nh6 45. Nxe6 Ra6 46. Rhe3 Nxe3 47. Rxe3 Raxe6 48. Rb3 Rxg6+ 49. Kf2 Rb6 50. Kf3 Nf7 51. Kg3 Nd6 52. Kg2 Ne4 53. Rb1 Nc5 54.
Kg1 Nd3 55. Kg2 b4 56. Kg1 b3 57. Kg2 b2 58. Kh3 Nc5 59. Kg4 Na4 60. Kf5 Nc3 61.
Rh1 b1=Q+ 62. Rxb1 Nxb1 63. Kg5 Na3 64. Kh5 Nb5 65.
Kg5 Rf6 66. Kh4 Re5 67. Kg4 Nd6 68. Kh4 Nf7 69. Kg4 Rg5+ 70. Kh4 Rh6# 0-1

[Event "Early-Titled-Tuesday-Blitz-May-28-2024"]
[Site "Chess.com"]
[Date "2024.05.28"]
[Round "7"]
[White "urano56"]
[Black "remyrushbrooke"]
[Result "0-1"]
[WhiteElo "2405"]
[BlackElo "2288"]
[TimeControl "180+1"]
[EndTime "9:19:23 PDT"]
[Termination "remyrushbrooke won by resignation"]

1. e4 g6 2. d4 Bg7 3. Nc3 d6 4.
f4 Nc6 5. Nf3 e5 6. d5 Nd4 7.
Be3 Bg4 8. fxe5 dxe5 9. Be2 Bxf3 10. Bxf3 Ne7 11. Bg4 O-O 12. Qd2 f5 13. Bh3 f4 14.
Bf2 f3 15. g3 c6 16. O-O-O cxd5 17. exd5 Nef5 18. Rhe1 Bh6 19. Re3 Nxe3 20. Bxe3 Bxe3 21. Qxe3 Qd6 22. Rxd4 exd4 23. Be6+ Kg7 24. Qxd4+ Rf6 25.
Ne4 Qe7 26. g4 h6 27. h4 g5 28. hxg5 hxg5 29. Bf5 Rh8 30. d6 Qd8 31. Qe3 Rh1+ 32. Kd2 Rxd6+ 33. Kc3 Rc6+ 34. Nc5 Qf6+ 35. Kb4 Qxb2+ 36.
Nb3 a5+ 37. Kb5 Qf6 38. Qa7 Kh6 39. Qxb7 Rb6+ 40. Qxb6 Qxb6+ 41. Kxb6 f2 42. Bd3 Rd1 43. Bc4 f1=Q 44. Bxf1 Rxf1 45. Kxa5 Rf4 46. Nc5 Rxg4 47. Kb5 Rf4 48. c4 g4 49. Ne6 Rf5+ 50. c5 g3 51. Nd4 g2 52. Nxf5+ Kg5 53. Ng3 g1=Q 54. Ne4+ Kf4 55. Nd6 Qb1+ 56. Kc6 Qh1+ 57. Kc7 Qh7+ 58. Kc6 Ke5 59. a4 Qa7 60. Kb5 Qb8+ 61. Kc6 Qa8+ 62. Kb5 Kd5 63. a5 Qc6+ 64. Kb4 Qxc5+ 65. Ka4 Qxd6 66.
a6 Qxa6+ 67. Kb4 Qc4+ 0-1

[Event "Early-Titled-Tuesday-Blitz-May-28-2024"]
[Site "Chess.com"]
[Date "2024.05.28"]
[Round "7"]
[White "zozik"]
[Black "Kielinkei"]
[Result "1-0"]
[WhiteElo "2344"]
[BlackElo "2456"]
[TimeControl "180+1"]
[EndTime "9:19:31 PDT"]
[Termination "zozik won by resignation"]

1. d4 Nf6 2. Nf3 e6 3. g3 b5 4. Bg2 Bb7 5. O-O Be7 6. a4 b4 7. Bg5 O-O 8. c3 a5 9. Nbd2 d5 10. Nb3 Nbd7 11. Rc1 c5 12. dxc5 Nxc5 13. cxb4 Nxb3 14.
Qxb3 Bxb4 15. Nd4 h6 16. Bf4 Rc8 17. Nb5 Ba6 18. Rxc8 Qxc8 19. Rc1 Qd8 20. Nd4 Bc4 21. Qc2 Qd7 22. b3 Ba6 23. Qc6 Qa7 24. Nb5 Qa8 25.
Qxa8 Rxa8 26. Nc7 Ra7 27. Be3 Rxc7 28. Rxc7 Bxe2 29. Bf1 Bd1 30. Bd3 Ne4 31. Rc8+ Kh7 32. Kg2 f5 33. Bc2 Bxc2 34. Rxc2 e5 35. f3 Nf6 36.
Bd2 Bxd2 37. Rxd2 d4 38. f4 Ne4 39. Rd1 Nc3 40. Rd3 exf4 41. gxf4 Ne2 42. Kf3 Nc1 43.
Rxd4 Nxb3 44. Rd5 Kg6 45. Ke3 Kf6 46. Rd6+ Ke7 47. Rb6 Nc5 48. Rg6 Nxa4 49. Rxg7+ Kf6 50. Ra7 Nb2 51. Ra6+ Kg7 52. Kd4 a4 53. Kc3 Nd1+ 54. Kd2 Nf2 55. Rxa4 Ng4 56. h3 Nf2 57. h4 Ne4+ 58. Ke3 Kg6 59. Rxe4 fxe4 60. Kxe4 Kf6 61. f5 Kf7 62. Ke5 Ke7 63. f6+ Kf7 64. Kf5 h5 65.
Kg5 Ke6 66. Kg6 1-0

[Event "Early-Titled-Tuesday-Blitz-May-28-2024"]
[Site "Chess.com"]
[Date "2024.05.28"]
[Round "7"]
[White "Willi_Skibbe"]
[Black "MikeSailer"]
[Result "0-1"]
[WhiteElo "2248"]
[BlackElo "2075"]
[TimeControl "180+1"]
[EndTime "9:19:33 PDT"]
[Termination "MikeSailer won on time"]

1. d4 d5 2. Nf3 Nf6 3. e3 Bf5 4. Bd3 Bxd3 5. Qxd3 c6 6. Nbd2 g6 7.
e4 dxe4 8. Nxe4 Nxe4 9. Qxe4 Bg7 10. Bg5 Nd7 11. O-O-O Nf6 12. Bxf6 Bxf6 13. h4 h5 14. Kb1 Qd5 15. Qe2 O-O-O 16. c3 Rhe8 17. Rhe1 e6 18. g3 Kb8 19. Ne5 Bxe5 20. Qxe5+ Qxe5 21. dxe5 Kc7 22. Kc2 b5 23. b3 Rd5 24. c4 bxc4 25. bxc4 Rxd1 26.
Rxd1 Rb8 27. Kc3 Rb6 28. a4 a5 29. Rd3 Rb7 30. Rf3 Kb6 31. Kd4 Rd7+ 32. Kc3 Kc5 33.
Rf4 Rb7 34. f3 Rd7 35. g4 Rb7 36. gxh5 gxh5 37. Rf6 Rb4 38. Rxf7 Rxc4+ 39. Kb3 Rb4+ 40. Ka3 Rxh4 41. f4 Rh3+ 42. Kb2 Rf3 43. Rf6 h4 44.
Rxe6 Rxf4 45. Kb3 Rf3+ 46. Kb2 h3 47. Rh6 Kd5 48. e6 Rf2+ 49. Kc3 Re2 50. Rxh3 Rxe6 51. Rh5+ Re5 52. Rh6 Re3+ 53. Kb2 Kc5 54. Rh5+ Kb4 55. Rh4+ Kc5 56. Rh5+ Kc4 57. Rh4+ Kd5 58. Rh5+ Re5 59. Rh4 c5 60. Kc3 Re3+ 61. Kc2 Re4 0-1

[Event "Early-Titled-Tuesday-Blitz-May-28-2024"]
[Site "Chess.com"]
[Date "2024.05.28"]
[Round "7"]
[White "RianKapriaga"]
[Black "Fh2411"]
[Result "0-1"]
[WhiteElo "2322"]
[BlackElo "2549"]
[TimeControl "180+1"]
[EndTime "9:19:35 PDT"]
[Termination "Fh2411 won on time"]

1. d4 d5 2. Bf4 c5 3. e3 Nc6 4.
c3 cxd4 5. exd4 Nf6 6. Nd2 Bf5 7.
Ngf3 e6 8. Qb3 Qc8 9. Bb5 Be7 10. h3 O-O 11. O-O a6 12. Be2 b5 13. Rfe1 Na5 14. Qd1 Nc4 15. Nxc4 bxc4 16. Nh4 Bg6 17.
Nxg6 hxg6 18. b3 Qc6 19. Rb1 cxb3 20. Qxb3 Rfc8 21. Qb7 Bf8 22. Rec1 Ne4 23. c4 Ba3 24. Qxc6 Rxc6 25. cxd5 Bxc1 26. dxc6 Bxf4 27. g3 Bc7 28. Rb7 Bd6 29. Rd7 Bf8 30. c7 Nd6 31. Bd3 a5 32. Kf1 a4 33. Ke2 a3 34. h4 Ne8 35. Rd8 Nxc7 36. Rxa8 Nxa8 37. Kd2 Nc7 38. Kc2 Nd5 39. Kb3 Be7 40. Bc4 f6 41. Bd3 Kf7 42. Bc4 g5 43. Bd3 gxh4 44. gxh4 f5 45. h5 Kf6 46. Bc4 Kg5 47.
Be2 Kf4 48. Kc4 Ke4 49. Bd1 Nb4 50. Kb3 Kxd4 51. Kxa3 Nd3+ 52. Kb3 Nxf2 53. Bf3 Nd3 54. a4 Nc5+ 55. Kb4 e5 56. Kb5 e4 57. Bd1 f4 58. a5 f3 0-1

[Event "Early-Titled-Tuesday-Blitz-May-28-2024"]
[Site "Chess.com"]
[Date "2024.05.28"]
[Round "7"]
[White "jens1102"]
[Black "TomLiu777"]
[Result "1-0"]
[WhiteElo "2716"]
[BlackElo "2393"]
[TimeControl "180+1"]
[EndTime "9:19:38 PDT"]
[Termination "jens1102 won by checkmate"]

1. e4 e6 2. d4 d5 3. e5 c5 4. c3 Nc6 5. Nf3 Bd7 6. Be2 Nge7 7.
O-O Ng6 8. Na3 cxd4 9. cxd4 Be7 10. g3 O-O 11. h4 f6 12. h5 Nh8 13. exf6 Bxf6 14. Bf4 Nf7 15. Nb5 a6 16. Nd6 Nxd6 17. Bxd6 Be7 18. Bf4 Qb6 19. Ne5 Nxe5 20. Bxe5 Bf6 21.
Bxf6 Rxf6 22. Qd2 Raf8 23. Bg4 Qd6 24. Rae1 Bb5 25. Be2 Bxe2 26. Rxe2 Qe7 27. Rfe1 Qf7 28. f4 Qxh5 29. Rxe6 Qh3 30. Qg2 Qxg2+ 31. Kxg2 Rc8 32. Rxf6 gxf6 33. Kf3 Kf7 34. Rh1 Kg7 35. Rh5 Rd8 36.
g4 Kg6 37. a4 a5 38. b3 b6 39. Rf5 h6 40. Rh5 Rd7 41. Ke3 Re7+ 42. Kd3 Rd7 43.
Rf5 Rd8 44. Kc3 Rc8+ 45. Kb2 Rd8 46. b4 Rd7 47. Kb3 Rd8 48. b5 Rd7 49. Kc3 Rc7+ 50. Kd3 Rd7 51. Rh5 Rd8 52. f5+ Kg7 53. Rh2 Rc8 54. Re2 Rc4 55. Re7+ Kf8 56. Re6 Kf7 57. Rxb6 Rxa4 58. Rb7+ Kf8 59. Rd7 Ra3+ 60. Ke2 Rg3 61. b6 Rb3 62. b7 Ke8 63. Rc7 a4 64. Rc8+ Ke7 65. b8=Q Rxb8 66. Rxb8 a3 67. Ra8 a2 68. Rxa2 Kf7 69. Kd3 Kg7 70. Ra7+ Kf8 71. Rd7 Kg8 72. Rxd5 Kf8 73. Rd7 Ke8 74. Rh7 Kf8 75. Rxh6 Ke8 76. Rxf6 Ke7 77. g5 Kd7 78. Ke4 Kc7 79. Ke5 Kc8 80. g6 Kd8 81. g7 Kd7 82. g8=Q Ke7 83.
Qg7+ Kd8 84. Rf8# 1-0

[Event "Early-Titled-Tuesday-Blitz-May-28-2024"]
[Site "Chess.com"]
[Date "2024.05.28"]
[Round "7"]
[White "Kors67"]
[Black "frenchpin"]
[Result "1-0"]
[WhiteElo "2275"]
[BlackElo "2390"]
[TimeControl "180+1"]
[EndTime "9:19:40 PDT"]
[Termination "Kors67 won by checkmate"]

1. e4 e5 2. Nf3 Nf6 3. Nxe5 Nxe4 4. Qe2 Qe7 5. Qxe4 d6 6. d4 dxe5 7. Qxe5 Qxe5+ 8. dxe5 Nc6 9. Bb5 Bd7 10. Bf4 Nxe5 11. Bxd7+ Nxd7 12. Bxc7 Rc8 13. Bf4 Rxc2 14. Nc3 Bb4 15.
O-O O-O 16. Nd5 Bc5 17. b4 Nb6 18. Nf6+ gxf6 19. bxc5 Nd7 20. Bd6 Re8 21. Rab1 b6 22. cxb6 Nxb6 23. a3 Nc4 24. Bb4 a5 25. Rfe1 Rxe1+ 26. Bxe1 Nxa3 27. Ra1 Nc4 28. g3 Kg7 29. Bxa5 Ne5 30.
Kg2 Nd3 31. Bb6 Rb2 32. Bd4 Rb4 33. Be3 Ne5 34. h3 Nc4 35. Bf4 Ne5 36. Ra5 Nd3 37. Be3 Rb3 38. Kf1 Ne5 39. Bd4 Ng6 40. Ra6 Rf3 41. Kg2 Rf5 42. g4 Rf4 43. Rd6 h6 44. Kg3 Re4 45. Bxf6+ Kh7 46. Bd4 Re6 47. Rd8 Re7 48. Rd6 Re6 49. Rxe6 fxe6 50. f4 Kg8 51.
Be5 Kf7 52. h4 Ne7 53. h5 Nc6 54. Kf3 Ne7 55. Ke4 Nc6 56. g5 hxg5 57. fxg5 Ne7 58. Kf4 Nd5+ 59. Ke4 Ne7 60. Bf6 Nf5 61. Ke5 Ng3 62.
g6+ Kg8 63. h6 Nf5 64. h7+ Kf8 65. h8=Q# 1-0

[Event "Early-Titled-Tuesday-Blitz-May-28-2024"]
[Site "Chess.com"]
[Date "2024.05.28"]
[Round "7"]
[White "CarlosAlbornoz"]
[Black "vugarrasulov"]
[Result "0-1"]
[WhiteElo "2843"]
[BlackElo "3009"]
[TimeControl "180+1"]
[EndTime "9:19:43 PDT"]
[Termination "vugarrasulov won by resignation"]

1. e4 e5 2. Nf3 Nc6 3. Bb5 a6 4. Ba4 g6 5. O-O Bg7 6. d3 Nge7 7. c4 d6 8. Nc3 O-O 9. h3 h6 10. Rb1 f5 11. b4 Kh7 12. Nd5 f4 13. Qe2 g5 14.
Bb3 Ng6 15. a4 g4 16. hxg4 Bxg4 17. Bd1 Be6 18. b5 axb5 19. cxb5 Nd4 20. Nxd4 exd4 21.
Qh5 c6 22. Nb4 Ne5 23. Be2 Qg5 24. Qh2 Rxa4 25. Nc2 c5 26. g3 Ra2 27. Rb2 Rxb2 28.
Bxb2 fxg3 29. fxg3 Rxf1+ 30. Kxf1 Bg4 31. Ne1 Qd2 32. Ba3 b6 33. Qf2 Qxe2+ 34. Qxe2 Bxe2+ 35. Kxe2 Kg6 36. Ng2 Kf7 37. Nf4 Bf6 38. Nd5 Bd8 39. Bc1 h5 40. Bf4 Ke6 41. Bxe5 dxe5 42. Kf3 Kf7 43. Kg2 Kg6 44. Kf2 Kg5 45. Kf3 h4 46.
gxh4+ Kxh4 47. Kf2 Kg4 48. Kg2 Kh4 49. Kh2 Kg4 50.
Kg2 Kh4 51. Kh2 c4 52. dxc4 d3 53. Kg2 d2 54. Ne3 Bg5 55. Nd1 Kg4 56. Kf2 Be7 57. Ke2 Bb4 58. c5 Bxc5 59. Kxd2 Bd4 60. Ne3+ Bxe3+ 61. Kxe3 Kg3 62. Kd3 Kf3 63. Kc3 Ke3 64. Kc4 Kxe4 65. Kc3 Kd5 66. Kd3 Kc5 67. Ke4 Kxb5 68.
Kxe5 Kc4 69. Ke4 b5 70. Ke3 Kc3 71. Ke4 b4 72. Kd5 b3 0-1